 Dungeon Crawl Stone Soup version 0.26-a0-259-g1effd001a9 (webtiles) character file.

Game seed: 3508899661889668547

574 HoaS the Ruffian (level 7, -3/44 HPs)
             Began as a Gargoyle Gladiator on July 26, 2020.
             Slain by an ogre
             ... wielding a +0 giant club
              (24 damage)
             ... on level 4 of the Dungeon.
             The game lasted 00:09:03 (4006 turns).

HoaS the Ruffian (Gargoyle Gladiator)               Turns: 4006, Time: 00:09:04

Health: -3/44      AC: 14    Str: 19    XL:     7   Next: 34%
Magic:  7/7        EV:  8    Int:  9    God:
Gold:   118        SH:  0    Dex: 11    Spells: 6/6 levels left

rFire    + . .     SeeInvis .     - Unarmed
rCold    . . .     Faith    .   (no shield)
rNeg     + . .     Spirit   .   t - +0 chain mail
rPois    ∞         Reflect  .   b - +1 helmet
rElec    +         Harm     .   (no cloak)
rCorr    .                      (no gloves)
MR       .....                  (no boots)
Stlth    ..........             (no amulet)
HPRegen  0.14/turn              k - ring of protection from fire
MPRegen  0.10/turn              (no ring)

@: no status effects
A: negative energy resistance 1, electricity resistance, unbreathing,
petrification resistance, rot immunity, AC +4
a: no special abilities


You were on level 4 of the Dungeon.
You were not hungry.

You visited 1 branch of the dungeon, and saw 4 of its levels.

You collected 118 gold pieces.

Inventory:

Missiles
 c - 2 throwing nets (quivered)
 f - 26 poisoned darts
 j - 4 curare-tipped darts
 q - 5 boomerangs
Armour
 b - a +1 helmet (worn)
 t - a +0 chain mail (worn)
Jewellery
 k - a ring of protection from fire (left hand)
Scrolls
 e - a scroll of blinking
 l - 2 scrolls of remove curse
 o - a scroll of enchant armour
 p - 2 scrolls of teleportation
 r - a scroll of identify
Potions
 a - a potion of flight {unknown}
 g - 2 potions of curing
 h - a potion of mutation {unknown}
 i - a potion of magic {unknown}
 m - 2 potions of degeneration {unknown}
 n - a potion of heal wounds {unknown}
 s - a potion of haste {unknown}
Comestibles
 d - 9 rations


   Skills:
 + Level 5.2 Fighting
 - Level 1.7 Throwing
 - Level 2.4 Dodging
 * Level 6.9 Unarmed Combat


You had 6 spell levels left.
You didn't know any spells.
Your spell library was empty.

Dungeon Overview and Level Annotations

Branches:
Dungeon (4/15)
 Temple: D:4-7

Altars:
Elyvilon
Hepliaklqana
Qazlal
Sif Muna
Vehumet
The Shining One


Innate Abilities, Weirdness & Mutations

You are resistant to torment.
Your stone body is resilient. (AC +4)
You are immune to poison.
You resist negative energy. (rN+)
You are resistant to electric shocks. (rElec)
You can survive without breathing.
You are immune to petrification.
You are immune to rotting.


Message History

You hit the ogre but do no damage.
The ogre is severely wounded.
The ogre hits you with a +0 giant club.
You hit the ogre.
The ogre is almost dead.
The ogre hits you with a +0 giant club!
You are too injured to fight recklessly!
You are too injured to fight recklessly!
You are too injured to fight recklessly!
You are too injured to fight recklessly!
Your chain mail prevents you from hitting the ogre.
The ogre is almost dead.
You hit the ogre.
The ogre is almost dead.
The ogre hits you but does no damage.
You hit the ogre.
The ogre is almost dead.
The ogre hits you with a +0 giant club!!
Ouch! That really hurt!
You die...

.........#.8...#.#...
...#......##...'#.#'..
#..#####....#####...###
##.. ###........⌠....
.. ###.#####...### #.
##..##...'#.#'.. ##.
###...#.8...#.#...
#...#.....#.._.)#.#.._
#.O@.##.#.8.8.#.#.8.
##...##<##...##.##..
#...##..#####...###
#....#..###..#.#...
#...###.##......#..
######...#..##.###.
#.......#.... .
###....####..# #....#
....


You could see an ogre.

Vanquished Creatures
  An ogre (D:3)
  A scorpion (D:3)
  A howler monkey (D:3)
  A hound (D:4)
  An orc priest (D:4)
  2 worker ants
  10 gnolls
  6 adders
  An ufetubus (D:2)
  2 oozes (D:1)
  2 adder skeletons (D:4)
  5 worms
  A dart slug (D:1)
  6 leopard geckos
  6 orcs
  10 bats
  8 giant cockroaches
  6 goblins
  5 hobgoblins
  8 jackals
  6 kobolds
  5 quokkas
  5 frilled lizards
  2 quokka skeletons (D:4)
  9 rats
110 creatures vanquished.

Notes
Turn   | Place    | Note
-------+----------+-------------------------------------------
     0 | D:1      | HoaS the Gargoyle Gladiator began the quest for the Orb.
     0 | D:1      | Reached XP level 1. HP: 12/12 MP: 1/1
    92 | D:1      | Reached XP level 2. HP: 14/18 MP: 2/2
   267 | D:1      | Reached XP level 3. HP: 21/22 MP: 3/3
   449 | D:1      | Reached skill level 4 in Unarmed Combat
  1118 | D:2      | Reached XP level 4. HP: 22/28 MP: 4/4
  1641 | D:2      | Reached XP level 5. HP: 31/32 MP: 5/5
  2033 | D:3      | Reached skill level 5 in Unarmed Combat
  2379 | D:3      | Reached XP level 6. HP: 26/38 MP: 6/6
  2910 | D:3      | Reached skill level 6 in Unarmed Combat
  3254 | D:4      | Reached XP level 7. HP: 44/44 MP: 7/7
  3696 | D:4      | Reached skill level 5 in Fighting
  3904 | D:4      | Found a white marble altar of Elyvilon.
  3911 | D:4      | Found a radiant altar of Vehumet.
  3958 | D:4      | Found a stormy altar of Qazlal.
  3961 | D:4      | Found a shimmering blue altar of Sif Muna.
  3964 | D:4      | Found a hazy altar of Hepliaklqana.
  3967 | D:4      | Found a glowing golden altar of the Shining One.
  4006 | D:4      | Slain by an ogre

Illustrated notes

Levels and vault maps discovered:
D:1:      elethiomel_arrival_infinity_welcomes_careful_drivers, layout_basic
D:2:      layout_basic
D:3:      layout_basic
D:4:      layout_cave_pools, grunt_temple_overflow_open,
          grunt_temple_overflow_cloverleaf

Skill      XL: |  1  2  3  4  5  6  7 |
---------------+----------------------+-----
Unarmed Combat | 4 5 6 |  6.9
Fighting       | 3 4 5 |  5.2
Throwing       | |  1.7
Dodging        | |  2.4

Action                   |  1- 3 |  4- 6 |  7- 9 || total
-------------------------+-------+-------+-------++-------
Melee: Unarmed           |   161 |   263 |    61 ||   485
       Punch             |     4 |     6 |     1 ||    11
Throw: Throwing net      |       |     1 |       ||     1
  Use: Scroll            |     6 |     2 |       ||     8
 Stab: Sleeping          |     1 |       |       ||     1
  Eat: Ration            |       |     2 |     1 ||     3
Armor: Leather armour    |    63 |       |       ||    63
       Ring mail         |    10 |    21 |       ||    31
       Scale mail        |       |    71 |       ||    71
       Chain mail        |       |    16 |    41 ||    57
Dodge: Dodged            |   143 |   128 |    21 ||   292

Table legend:
 A = Non-vault XP
 B = Vault XP
 C = Vault XP percentage of total XP
 D = Non-vault monster count
 E = Vault monster count
 F = Vault count percentage of total count
                 A         B        C        D         E       F
            +---------+---------+-------+---------+---------+-------
      Total |     820 |       0 |   0.0 |     110 |       0 |   0.0
            +---------+---------+-------+---------+---------+-------
        D:1 |      63 |       0 |   0.0 |      31 |       0 |   0.0
        D:2 |     143 |       0 |   0.0 |      30 |       0 |   0.0
        D:3 |     378 |       0 |   0.0 |      33 |       0 |   0.0
        D:4 |     236 |       0 |   0.0 |      16 |       0 |   0.0
            +---------+---------+-------+---------+---------+-------
